Map: Acid Plant LE

Players

dqi - Winner!

  • Race: Protoss Protoss
  • League: Platinum
  • Spawn Location: 11:00

Kozzy

  • Race: Protoss Protoss
  • League: Gold
  • Spawn Location: 5:00

VOD

Have the link to the VOD?

Description

Time

  • Played on: April 10, 2018, 12:35 a.m.
  • Length: 11:08
Show
View Real Time Build Order
Export as new Build Order

dqi Protoss - Winner!

Build Orders: Zealot Archon 

Get SALT Encoding   

  12  0:00  Probe  
  13  0:16  Pylon  
  13  0:17  Probe  
  14  0:35  Gateway  
  14  0:36  Probe (Chrono Boost)  
  15  0:46  Probe (Chrono Boost), Assimilator  
  16  0:51  Probe (Chrono Boost)  
  17  1:02  Probe  
  18  1:16  Gateway  
  18  1:23  Cybernetics Core  
  18  1:27  Probe  
  19  1:45  Probe  
  20  1:56  Warp Gate (Chrono Boost)  
  20  1:57  Assimilator  
  20  2:17  Gateway x2  
  20  2:24  Probe (Chrono Boost)  
  21  2:32  Stalker  
  23  2:38  Pylon  
  23  2:56  Probe, Stalker  
  26  2:58  Pylon  
  26  3:06  Pylon  
  26  3:15  Stalker  
  26  3:19  Stalker x2  
  32  3:23  Probe  
  33  3:43  Twilight Council  
  33  4:03  Nexus  
  33  4:05  Pylon  
  33  4:12  Probe  
  33  4:13  Charge (Chrono Boost)  
  34  4:25  Stalker x2  
  38  4:33  Shield Battery  
  38  4:54  Probe  
  38  4:58  Stalker x2  
  42  5:06  Probe  
  43  5:07  Pylon  
  43  5:15  Probe  
  43  5:19  Probe  
  45  5:27  Probe  
  46  5:31  Robotics Facility  
  46  5:38  Probe  
  46  5:39  Probe  
  48  5:48  Zealot x3  
  54  5:50  Probe  
  55  6:01  Zealot  
  57  6:04  Probe x2  
  57  6:10  Zealot x2  
  57  6:11  Zealot  
  65  6:16  Probe x2  
  67  6:21  Pylon  
  67  6:33  Zealot  
  69  6:40  Zealot x3  
  69  6:44  Probe x2  
  77  6:48  Templar Archives  
  77  6:50  Pylon  
  77  7:08  Warp Prism  
  77  7:13  Stalker x3  
  85  7:20  Pylon  
  85  7:22  Pylon  
  85  7:32  Probe  
  85  7:34  Assimilator  
  85  7:36  Assimilator  
  86  7:38  Probe  
  86  7:41  Pylon  
  86  7:42  Pylon  
  87  7:44  Probe, High Templar x3  
  87  7:45  High Templar  
  87  7:51  Probe  
  97  7:55  Archon x2  
  97  8:13  Forge  
  97  8:16  Pylon  
  99  8:20  Probe x2  
  99  8:32  Probe x2  
  101  8:35  Nexus  
  101  8:36  Pylon  
  101  8:38  Pylon  
  101  8:41  Pylon  
  101  8:44  Probe  
  102  9:10  Zealot x4, Protoss Ground Weapons Level 1 (Chrono Boost)  
  110  9:18  Gateway x2  
  110  9:21  Gateway  
  110  9:22  Gateway  
  110  9:40  Probe x2  
  110  9:42  Assimilator  
  112  9:46  Assimilator, High Templar x4  
  112  9:50  Archon  
  112  9:51  Archon  
  112  9:52  Probe  
  121  10:03  Probe x2  
  121  10:04  Probe  
  124  10:07  Nexus  
  124  10:15  Probe  
  123  10:32  Zealot x4  
  131  10:40  Probe x2  
  133  10:52  Zealot  
  133  10:53  Zealot x7  
Show
View Real Time Build Order
Export as new Build Order

Kozzy Protoss 

Build Orders:  

Get SALT Encoding   

  12  0:01  Probe  
  13  0:17  Probe  
  14  0:23  Pylon  
  14  0:29  Probe  
  15  0:41  Probe (Chrono Boost)  
  15  0:42  Gateway  
  16  0:54  Probe (Chrono Boost)  
  17  1:01  Probe (Chrono Boost)  
  18  1:08  Probe  
  19  1:11  Assimilator  
  19  1:21  Assimilator  
  19  1:25  Pylon x2  
  19  1:39  Cybernetics Core  
  19  2:00  Pylon  
  19  2:03  Forge  
  19  2:17  Stalker (Chrono Boost)  
  19  2:19  Warp Gate  
  19  2:21  Shield Battery  
  21  2:27  Probe (Chrono Boost)  
  23  2:38  Probe (Chrono Boost)  
  23  2:42  Probe (Chrono Boost)  
  23  2:45  Photon Cannon  
  23  2:49  Stalker  
  26  2:54  Protoss Ground Weapons Level 1 (Chrono Boost)  
  26  3:06  Pylon  
  26  3:19  Stalker  
  28  3:29  Gateway  
  28  3:39  Photon Cannon  
  28  3:49  Stalker  
  28  3:52  Gateway  
  30  3:59  Pylon  
  30  4:27  Gateway  
  30  4:29  Stalker  
  32  5:15  Probe (Chrono Boost)  
  33  5:22  Nexus  
  33  5:24  Probe (Chrono Boost)  
  33  5:25  Twilight Council  
  33  5:27  Pylon  
  34  5:29  Probe (Chrono Boost)  
  35  5:41  Probe  
  36  5:50  Photon Cannon, Shield Battery  
  36  5:53  Probe, Gateway  
  37  5:58  Pylon  
  37  6:05  Probe  
  37  6:08  Protoss Ground Weapons Level 2 (Chrono Boost)  
  37  6:09  Charge (Chrono Boost)  
  38  6:17  Probe  
  39  6:29  Probe  
  40  6:36  Probe  
  41  6:40  Gateway  
  41  6:41  Probe  
  41  6:44  Zealot  
  44  6:48  Probe  
  44  6:52  Pylon  
  44  6:53  Probe  
  46  7:00  Probe  
  47  7:06  Probe  
  47  7:08  Zealot x3  
  50  7:12  Probe  
  55  7:17  Pylon  
  55  7:18  Probe  
  55  7:20  Zealot  
  58  7:24  Probe  
  59  7:32  Shield Battery  
  59  7:35  Stalker x2  
  63  7:42  Stalker  
  63  7:43  Stalker  
  67  7:50  Stalker  
  69  7:58  Zealot  
  71  8:07  Pylon  
  71  8:12  Pylon, Robotics Facility  
  71  8:13  Zealot x2  
  71  8:14  Zealot x2  
  79  8:26  Robotics Facility  
  79  8:32  Assimilator  
  79  8:36  Zealot  
  79  8:37  Gateway  
  79  8:38  Zealot  
  71  9:09  Immortal (Chrono Boost)  
  75  9:12  Immortal (Chrono Boost)  
  79  9:29  Zealot  
  79  9:30  Zealot x4  
  89  9:40  Shield Battery  
  89  9:53  Stalker x3  
  89  9:54  Stalker  
  97  10:06  Observer  
  98  10:23  Zealot x5  
Tags
 
Composition
Zealot Archon
Matchup
PvP
Spawn Locations
Cross Positions
Add a new tag
Caveats
  • Supply blocks, unpowered buildings, or Contaminate may cause inaccurate times.
  • Supply counts are checked every 10 seconds.